 Dungeon Crawl Stone Soup version 0.23.2-1-ga50397a (webtiles) character file.

Game seed: 3489183097391612152

29 schauveau the Shooter (level 3, 0/29 HPs)
             Began as a Centaur Hunter on May 2, 2019.
             Slain by Edmund
             ... wielding a +7 flail of draining
              (8 damage)
             ... on level 4 of the Dungeon.
             The game lasted 00:01:39 (823 turns).

schauveau the Shooter (Centaur Hunter)               Turns: 823, Time: 00:01:40

Health: 0/29       AC:  7    Str: 14    XL:     3   Next: 1%
Magic:  3/3        EV:  8    Int: 10    God:
Gold:   63         SH:  0    Dex: 10    Spells: 2/2 levels left

rFire    . . .     SeeInvis .   a - +1 shortbow
rCold    . . .     Gourm    +   (shield currently unavailable)
rNeg     . . .     Faith    .   c - +0 leather armour
rPois    .         Spirit   .   (no helmet)
rElec    .         Reflect  .   k - +2 cloak
rCorr    .         Harm     .   (no gloves)
MR       .....                  (no barding)
Stlth    ..........             j - amulet of the gourmand
HPRegen  0.09/turn              (no ring)
MPRegen  0.08/turn              (no ring)

@: very heavily drained, very quick
A: large, hooves 3, deformed body, speed 2, tough skin 3
a: no special abilities


You were on level 4 of the Dungeon.
You were not hungry.

You visited 1 branch of the dungeon, and saw 4 of its levels.

You collected 63 gold pieces.

Inventory:

Hand Weapons
 a - a +1 shortbow (weapon)
 b - a +0 trident
 m - a +0 short sword
Missiles
 d - 37 arrows (quivered)
Armour
 c - a +0 leather armour (worn)
 k - a +2 cloak (worn)
Jewellery
 g - an uncursed amulet of the acrobat
 j - an amulet of the gourmand (around neck)
 l - an uncursed amulet of harm
Scrolls
 i - a scroll of teleportation {unknown}
Potions
 e - a potion of might {unknown}
 h - a potion of heal wounds {unknown}
 n - a potion of brilliance {unknown}
Comestibles
 f - 2 rations


   Skills:
 + Level 2.0(0.0) Fighting
 + Level 0.2(0.0) Short Blades
 + Level 6.2(3.0) Bows
 + Level 0.1(0.0) Armour
 + Level 1.6(0.0) Dodging
 + Level 0.4(0.0) Stealth


You had 2 spell levels left.
You didn't know any spells.
Your spell library was empty.

Dungeon Overview and Level Annotations

Branches:
Dungeon (4/15)
 Temple: D:4-7

Altars:
Sif Muna

Annotations:
D:4 Edmund


Innate Abilities, Weirdness & Mutations

You have hooves in place of feet.
Armour fits poorly on your strangely shaped body.
You cover ground very quickly.
You have extremely tough skin. (AC +3)


Message History

Aim: Edmund, wielding a +7 flail of draining and wearing a +0 ring mail (severely wounded)
You shoot an arrow. The arrow hits Edmund.
Edmund is severely wounded.
Edmund hits you with a +7 flail of draining.
You feel drained.
* * * LOW HITPOINT WARNING * * *
You see here an arrow.
You see here an arrow.
Firing (i - inventory)
d - 39 arrows (quivered)
Press: ? - help, Shift-Dir - straight line, f/p - Edmund
Aim: Edmund, wielding a +7 flail of draining and wearing a +0 ring mail (severely wounded)
You shoot an arrow. The arrow hits Edmund.
Edmund is severely wounded.
Firing (i - inventory)
d - 38 arrows (quivered)
Press: ? - help, Shift-Dir - straight line, f/p - Edmund
Aim: Edmund, wielding a +7 flail of draining and wearing a +0 ring mail (severely wounded)
You shoot an arrow. The arrow closely misses Edmund.
Edmund says, "You wouldn't believe how much I paid for this flail."
Edmund hits you with a +7 flail of draining!
You die...

#...#.......#.#
#...#.......#.#
#.#....._.....#
#.#.#.......#
#..(#.......#
#...##.....##
###(####.####.#
#(@.(.......#
#@#.#.#.#####
#(#.#(..#
#.#.#@########
#(#...........
#(...<########
#######


You could see Edmund.

Vanquished Creatures
  2 oozes
  2 dart slugs
  3 orcs (D:3)
  A bat (D:1)
  2 goblins (D:1)
  A hobgoblin (D:2)
  A ball python (D:3)
  A rat (D:3)
13 creatures vanquished.

Notes
Turn   | Place    | Note
-------+----------+-------------------------------------------
     0 | D:1      | schauveau the Centaur Hunter began the quest for the Orb.
     0 | D:1      | Reached XP level 1. HP: 17/17 MP: 1/1
   226 | D:2      | Reached XP level 2. HP: 9/24 MP: 2/2
   458 | D:3      | Reached skill level 6 in Bows
   560 | D:3      | Reached XP level 3. HP: 23/29 MP: 3/3
   746 | D:4      | Found a deep blue altar of Sif Muna.
   761 | D:4      | Noticed Edmund
   823 | D:4      | Slain by Edmund

Skill      XL: |  1  2 |
---------------+-------+-----
Bows           | 6 |  6.2
Fighting       | |  2.0
Short Blades   | |  0.2
Armour         | |  0.1
Dodging        | |  1.6
Stealth        | |  0.4

Action                   || total
-------------------------++-------
Melee: Short sword       ||    36
       Kick              ||     4
 Fire: Shortbow          ||    38
Armor: Leather armour    ||    16
Dodge: Dodged            ||    21
